 Dungeon Crawl Stone Soup version 0.18-b1-2-gd0c887e (webtiles) character file.

68 Gargoyl the Skirmisher (level 4, 0/35 HPs)
             Began as a Demonspawn Abyssal Knight on Apr 28, 2016.
             Was a Believer of Lugonu.
             Slain by a hobgoblin (4 damage)
             ... on level 2 of the Dungeon.
             The game lasted 00:03:50 (1569 turns).

Gargoyl the Skirmisher (Demonspawn Abyssal Knight)  Turns: 1569, Time: 00:03:50

Health: 0/35       AC: 15    Str: 18    XL:     4   Next: 1%
Magic:  5/5        EV:  5    Int: 13    God:    Lugonu [**....]
Gold:   65         SH:  0    Dex: 13    Spells: 0 memorised, 3 levels left

rFire  + . .     SeeInvis .     n - +0 war axe
rCold  + . .     Gourm    .     j - +0 plate armour
rNeg   + . .     Faith    .     (no shield)
rPois  +         Spirit   .     (no helmet)
rElec  +         Dismiss  .     (no cloak)
rCorr  +         Reflect  .     (no gloves)
SustAt .         Harm     .     d - +0 pair of boots
MR     .....     Clarity  +     (no amulet)
Stlth  ..........               (no ring)
                                e - ring of positive energy

@: mighty, resistant, not resistant to hostile enchantments, extremely
unstealthy
A: claws 2, talons 1, thin metallic scales 2, clarity, electricity resistance
a: Depart the Abyss, Bend Space, Renounce Religion


You were on level 2 of the Dungeon.
You worshipped Lugonu.
Lugonu was pleased with you.
You were not hungry.

You visited 1 branch of the dungeon, and saw 2 of its levels.
You visited the Abyss 1 time.

You collected 65 gold pieces.

Inventory:

Hand Weapons
 n - a +0 war axe (weapon)
Armour
 d - a +0 pair of boots (worn)
 j - a +0 plate armour (worn)
Jewellery
 e - a ring of positive energy (left claw)
Scrolls
 a - a scroll of immolation {unknown}
 g - 2 scrolls of identify {unknown}
 i - a scroll of blinking {unknown}
 m - a scroll of remove curse {unknown}
Comestibles
 b - 2 slices of pizza
 c - a bread ration
 o - 2 chunks of flesh


   Skills:
 + Level 3.5 Fighting
 + Level 2.2 Axes
 * Level 2.8 Armour
 + Level 1.5 Dodging
 + Level 0.2 Stealth
 + Level 2.5 Invocations


You had 3 spell levels left.
You didn't know any spells.

Dungeon Overview and Level Annotations

Branches:
Dungeon (2/15)

Altars:
Trog


Innate Abilities, Weirdness & Mutations

You have very sharp fingernails.
You are mostly covered in thin metallic scales (AC +3).
You have sharp toenails.
You possess an exceptional clarity of mind.
You are resistant to electric shocks.


Message History

You kill the goblin!
Lugonu accepts your kill.
Robin roars a battlecry!
The goblins go into a battle-frenzy!
Robin hits you but does no damage.
You slice Robin!!
You kill Robin!
Lugonu accepts your kill.
Your plate armour prevents you from hitting the hobgoblin.
The hobgoblin hits you.
* * * LOW HITPOINT WARNING * * *
The hobgoblin closely misses you.
You slash the hobgoblin!
You kill the hobgoblin!
Lugonu accepts your kill.
You have reached level 4!
You feel agile.
Your demonic ancestry asserts itself...
Thin metallic scales spread over more of your body.
The hobgoblin hits you.
You die...

#..........#...[...#....
#..................#....
####.........)..))......
+.........(.).)......
#............†.......
###+###..............
#....#g####.... ######g#
... #@# ## #.# #.# #.#
#.# #.# #.# #.#


You could see a hobgoblin and a goblin.

Vanquished Creatures
  Robin (D:2)
  An adder (D:2)
  An ooze (D:2)
  A worm (D:2)
  A dart slug (D:1)
  A giant gecko (D:2)
  6 hobgoblins
  4 jackals (D:1)
  4 kobolds (D:1)
  3 bats
  9 goblins (D:2)
  5 rats (D:1)
37 creatures vanquished.

Notes
Turn   | Place    | Note
--------------------------------------------------------------
     0 | Abyss:1  | Gargoyl the Demonspawn Abyssal Knight began the quest for the Orb.
     0 | Abyss:1  | Reached XP level 1. HP: 18/18 MP: 2/2
     6 | Abyss:1  | Found a corrupted altar of Lugonu.
    28 | Abyss:1  | Noticed a large abomination
    43 | D:1      | Escaped the Abyss
   343 | D:1      | Reached skill level 1 in Dodging
   349 | D:1      | Reached * piety under Lugonu
   349 | D:1      | Gained mutation: You have sharp fingernails. [demonic ancestry]
   349 | D:1      | Reached XP level 2. HP: 18/24 MP: 3/3
  1147 | D:2      | Found a bloodstained altar of Trog.
  1206 | D:2      | Gained mutation: You are partially covered in thin metallic scales (AC +2). [demonic ancestry]
  1206 | D:2      | Reached XP level 3. HP: 23/29 MP: 4/4
  1548 | D:2      | Noticed Robin
  1557 | D:2      | Reached ** piety under Lugonu
  1563 | D:2      | Gained mutation: You have very sharp fingernails. [potion of beneficial mutation]
  1564 | D:2      | Gained mutation: You possess an exceptional clarity of mind. [potion of mutation]
  1564 | D:2      | Gained mutation: You have sharp toenails. [potion of mutation]
  1564 | D:2      | Gained mutation: You are resistant to electric shocks. [potion of mutation]
  1567 | D:2      | Killed Robin
  1569 | D:2      | Gained mutation: You are mostly covered in thin metallic scales (AC +3). [demonic ancestry]
  1569 | D:2      | Reached XP level 4. HP: 4/35 MP: 5/5
  1569 | D:2      | Slain by a hobgoblin

Skill      XL: |  1  2 |
---------------+-------+-----
Dodging        | 1 |  1.5
Armour         | 2 |  2.8
Axes           | 2 |  2.2
Fighting       | |  3.5
Stealth        | |  0.2
Invocations    | |  2.5

Action                   |  1- 3 |  4- 6 || total
-------------------------+-------+-------++-------
Melee: Hand axe          |    68 |       ||    68
       War axe           |    29 |       ||    29
Invok: Depart the Abyss  |     1 |       ||     1
  Use: Potion            |     4 |       ||     4
  Eat: Chunk             |     2 |       ||     2
Armor: Leather armour    |    13 |       ||    13
       Plate armour      |    86 |       ||    86
Dodge: Dodged            |    42 |       ||    42
